 Dungeon Crawl Stone Soup version 0.21-a0-154-gb5400c9 (webtiles) character file.

55 Lunath the Ruffian (level 3, -1/36 HPs)
             Began as a Troll Monk on Aug 2, 2017.
             Was an Initiate of Uskayaw.
             Slain by Grinder (5 damage)
             ... on level 3 of the Dungeon.
             The game lasted 00:03:27 (1306 turns).

Lunath the Ruffian (Troll Monk)                     Turns: 1306, Time: 00:03:28

Health: -1/36      AC:  5    Str: 19    XL:     3   Next: 67%
Magic:  8/11       EV: 11    Int:  7    God:    Uskayaw [......]
Gold:   166        SH:  3    Dex: 12    Spells: 2/2 levels left

rFire    . . .     SeeInvis .     - Unarmed
rCold    . . .     Gourm    +   (no shield)
rNeg     . . .     Faith    .   a - +0 robe
rPois    .         Spirit   .   (helmet restricted)
rElec    .         Reflect  +   (no cloak)
rCorr    .         Harm     .   (gloves unavailable)
MR       .....                  (boots unavailable)
Stlth    ++........             m - +3 amulet of reflection
HPRegen  0.52/turn              l - ring of magical power
MPRegen  0.12/turn              (no ring)

@: no status effects
A: unfitting armour, claws 3, fast metabolism 3, gourmand, regeneration 1,
shaggy fur 1, tough skin 2
a: Renounce Religion


You were on level 3 of the Dungeon.
You worshipped Uskayaw.
Uskayaw was noncommittal.
You were very full.

You visited 1 branch of the dungeon, and saw 3 of its levels.

You collected 166 gold pieces.

Inventory:

Armour
 a - a +0 robe (worn)
Jewellery
 l - a ring of magical power (left claw)
 m - a +3 amulet of reflection (around neck)
Scrolls
 d - a scroll of magic mapping {unknown}
 e - 2 scrolls of enchant weapon {unknown}
 h - a scroll of fog {unknown}
 i - a scroll of amnesia {unknown}
 j - 2 scrolls of identify {unknown}
 o - a scroll of recharging {unknown}
 p - a scroll of remove curse {unknown}
Potions
 k - a potion of degeneration {unknown}
 n - a potion of curing {unknown}
Comestibles
 b - 5 bread rations
 c - a royal jelly
 f - a fruit
 g - a chunk of flesh


   Skills:
 + Level 2.8 Fighting
 + Level 2.9 Dodging
 - Level 1.4 Stealth
 * Level 3.3 Unarmed Combat
 + Level 0.0 Invocations


You had 2 spell levels left.
You didn't know any spells.

Dungeon Overview and Level Annotations

Branches:
Dungeon (3/15)

Altars:
Elyvilon
Fedhas
Kikubaaqudgha
Uskayaw

Annotations:
D:3 Grinder, Ijyb


Innate Abilities, Weirdness & Mutations

You are too large for most types of armour.
You have claws for hands.
Your metabolism is lightning-fast.
You like to eat raw meat.
Your natural rate of healing is unusually fast.
You are covered in fur. (AC +1)
You have very tough skin. (AC +2)


Message History

Grinder is lightly wounded.
Grinder gestures at you.
You suddenly lose the ability to move!
Grinder hits you.
You writhe in agony.
Ijyb the Twisted Goblin comes into view.
Grinder hits you. Grinder hits you but does no damage. Grinder gestures at you.
You resist with significant effort. Grinder hits you.
You writhe in agony.
Grinder hits you but does no damage.
You can move again.
You stomp with the beat, sending a shockwave through the revelers around you!
Grinder is moderately wounded.
Ijyb is moderately wounded.
You feel somewhat less full.
You can no longer stomp with the beat.
Ijyb barely misses you. Grinder hits you!
* * * LOW HITPOINT WARNING * * *
You writhe in agony.
You die...

##...#####.#####.##P.P# #..#
##....##..........#########..#
#.............##### #<...#
#...####.##..>...# #.##.#
#...# #.####.##.# #.##.# #...#
#.....(##.# #.##.#
#...####.####.##.## ......
#........# #.....#####.#.##.#
#..####.## #.##@.......#.# .#
...# #.# #.##5g#####....
#.#####.#####.###.#
#.....(.......# .#
#######.######## .#
#............ .#
##.##......... ..
##...########## .. ##..#..#


You could see Grinder and Ijyb.

Vanquished Creatures
  An ooze (D:2)
  A worm (D:2)
  2 leopard geckos
  An orc (D:3)
  A ball python (D:2)
  2 bats (D:1)
  4 goblins
  5 hobgoblins
  7 jackals (D:1)
  6 kobolds
  2 quokkas
  4 frilled lizards
  6 rats
42 creatures vanquished.

Notes
Turn   | Place    | Note
-------+----------+-------------------------------------------
     0 | D:1      | Lunath the Troll Monk began the quest for the Orb.
     0 | D:1      | Reached XP level 1. HP: 22/22 MP: 0/0
   120 | D:1      | Reached XP level 2. HP: 21/29 MP: 1/1
   774 | D:2      | Reached XP level 3. HP: 36/36 MP: 2/2
  1030 | D:2      | Found a hide-covered altar of Uskayaw.
  1038 | D:2      | Became a worshipper of Uskayaw the Reveler
  1038 | D:2      | Reached * piety under Uskayaw
  1070 | D:2      | Found a white marble altar of Elyvilon.
  1206 | D:3      | Found an ancient bone altar of Kikubaaqudgha.
  1206 | D:3      | Found a blossoming altar of Fedhas.
  1297 | D:3      | Noticed Grinder
  1299 | D:3      | Paralysed by Grinder for 6 turns
  1301 | D:3      | Noticed Ijyb
  1306 | D:3      | Slain by Grinder

Vault maps used:
D:1:      sevenhm_arrival_forest_fort_large_2
D:2:      elyvilon_altar_5, old_standard_altar
D:3:      grunt_temple_overflow_growth_and_decay, marbit_many_paths, uniq_ijyb,
          uniq_grinder

Action                   || total
-------------------------++-------
Melee: Unarmed           ||   126
       Punch             ||     1
Invok: Stomp             ||     1
 Stab: Sleeping          ||     3
  Eat: Chunk             ||    17
Armor: Robe              ||    44
Dodge: Dodged            ||    57
